 Dungeon Crawl Stone Soup version 0.25-a0-700-g7f8a7979f0 (webtiles) character file.

Game seed: 1401099596658890129, levelgen mode: deterministic

8 Iscandelvey the Charmwright (level 2, 15/22 HPs)
             Began as a Demonspawn Skald on Apr 2, 2020.
             Quit the game on level 1 of the Dungeon.
             The game lasted 00:00:18 (101 turns).

Iscandelvey the Charmwright (Demonspawn Skald)       Turns: 101, Time: 00:00:19

Health: 15/22      AC:  5    Str: 11    XL:     2   Next: 0%
Magic:  5/5        EV: 11    Int: 14    God:
Gold:   35         SH:  0    Dex: 12    Spells: 4/5 levels left

rFire    . . .     SeeInvis .   a - +0 spear
rCold    . . .     Gourm    .   (no shield)
rNeg     . . .     Faith    .   b - +0 leather armour
rPois    .         Spirit   .   (no helmet)
rElec    .         Reflect  .   (no cloak)
rCorr    .         Harm     .   (no gloves)
MR       .....                  (no boots)
Stlth    +.........             (no amulet)
HPRegen  0.07/turn              (no ring)
MPRegen  0.09/turn              (no ring)

@: no status effects
A: iridescent scales 1
a: no special abilities


You were on level 1 of the Dungeon.
You were not hungry.

You visited 1 branch of the dungeon, and saw 1 of its levels.

You collected 35 gold pieces.

Inventory:

Hand Weapons
 a - a +0 spear (weapon)
Armour
 b - a +0 leather armour (worn)
Potions
 c - a potion of degeneration {unknown}
Comestibles
 d - a ration
 f - 5 chunks of flesh


   Skills:
 + Level 2.0 Fighting
 + Level 1.7 Polearms
 + Level 0.8 Armour
 + Level 1.7 Dodging
 + Level 2.3 Spellcasting
 + Level 3.0 Charms


You had 4 spell levels left.
You knew the following spells:

 Your Spells              Type           Power        Failure   Level  Hunger
a - Infusion              Chrm           ##..         9%          1    #......

Your spell library contained the following spells:

 Spells                   Type           Power        Failure   Level  Hunger
 Song of Slaying          Chrm           ##......     13%         2    ###....
 Shroud of Golubria       Chrm/Tloc      #.....       24%         2    ###....
 Ozocubu's Armour         Chrm/Ice       #.......     43%         3    ###....
 Spectral Weapon          Hex/Chrm       #.......     43%         3    ###....


Dungeon Overview and Level Annotations

Branches:
Dungeon (1/15)

Altars:


Innate Abilities, Weirdness & Mutations

You are partially covered in iridescent scales. (AC +2)


Message History

A goblin comes into view. It is wielding a +0 club.
The goblin shouts!
There are monsters nearby!
A goblin is nearby!
The kobold shouts!
You hit the goblin.
The goblin is moderately wounded.
The goblin hits you but does no damage.
There are monsters nearby!
You closely miss the goblin.
The goblin is moderately wounded.
A bat comes into view.
The goblin hits you with a +0 club.
You hit the goblin.
You kill the goblin!
You have reached level 2!
Your demonic ancestry asserts itself...
Iridescent scales grow over part of your body.
The kobold throws a stone.
The stone hits you but does no damage.
Are you sure you want to abandon this character and quit the game? (Confirm with "yes".)

......#...#.....#...####.#
..........#.....#........#
......##..#..)..#...######..
......##..#..<..#...........
......##..#.....#....#####..
.##.####..#.....#....# ###.#
#..#.....#....# #.#
#(.#..K..#....# ..#
#.......)@....# ...
#..............# ####
#.#...[...#.##.#
.......'..#.# ...b...#..#.#
.......#..#.# .......#..#
....... ..#


You could see a bat and a kobold.

Vanquished Creatures
  A leopard gecko (D:1)
  A goblin (D:1)
  2 hobgoblins (D:1)
  2 kobolds (D:1)
6 creatures vanquished.

Notes
Turn   | Place    | Note
-------+----------+-------------------------------------------
     0 | D:1      | Iscandelvey the Demonspawn Skald began the quest for the
                  | Orb.
     0 | D:1      | Reached XP level 1. HP: 16/16 MP: 3/3
    62 | D:1      | Reached skill level 3 in Charms
   100 | D:1      | Gained mutation: You are partially covered in iridescent
                  | scales. (AC +2) [demonic ancestry]
   100 | D:1      | Reached XP level 2. HP: 15/22 MP: 5/5
   101 | D:1      | Quit the game

Levels and vault maps discovered:
D:1:      minmay_arrival_semitransparent, layout_basic, minmay_hexomino_f4

Skill      XL: |  1 |
---------------+----+-----
Charms         | 3 |  3.0
Fighting       | |  2.0
Polearms       | |  1.7
Armour         | |  0.8
Dodging        | |  1.7
Spellcasting   | |  2.3

Action                   || total
-------------------------++-------
Melee: Spear             ||    24
Armor: Leather armour    ||     4
Dodge: Dodged            ||    14

Table legend:
 A = Non-vault XP
 B = Vault XP
 C = Vault XP percentage of total XP
 D = Non-vault monster count
 E = Vault monster count
 F = Vault count percentage of total count
                 A         B        C        D         E       F
            +---------+---------+-------+---------+---------+-------
      Total |      12 |       0 |   0.0 |       6 |       0 |   0.0
            +---------+---------+-------+---------+---------+-------
        D:1 |      12 |       0 |   0.0 |       6 |       0 |   0.0
            +---------+---------+-------+---------+---------+-------
